Map: [ESL] Alcyone

Players

MaSa

  • Race: Terran Terran
  • Spawn Location: 1:00

DisK - Winner!

  • Race: Protoss Protoss
  • Spawn Location: 7:00

Event: ESL SC2 Masters 2023 Winter (Regional)

VOD

Have the link to the VOD?

Description

Time

  • Played on: Oct. 27, 2023, 1:23 p.m.
  • Length: 14:24

All games in this series

Show
View Real Time Build Order
Export as new Build Order

MaSa Terran 

Build Orders: Cyclone Opening 

Get SALT Encoding   

  12  0:00  SCV  
  13  0:12  SCV  
  14  0:17  Supply Depot  
  14  0:24  SCV  
  15  0:38  SCV  
  15  0:40  Barracks  
  15  0:42  Refinery  
  16  0:49  Refinery  
  16  0:52  SCV  
  17  1:04  SCV  
  18  1:16  SCV  
  19  1:26  Reaper  
  19  1:28  Orbital Command  
  20  1:33  Supply Depot  
  20  1:41  Factory  
  21  1:54  SCV  
  21  1:58  Marine  
  22  2:06  SCV  
  23  2:18  Command Center  
  23  2:20  SCV  
  24  2:26  Cyclone  
  26  2:34  Armory  
  26  2:37  SCV  
  27  2:49  SCV  
  28  2:52  Starport  
  28  2:58  Factory Tech Lab, Supply Depot  
  28  3:02  SCV  
  29  3:05  Barracks Reactor  
  29  3:14  SCV  
  31  3:20  Widow Mine  
  31  3:23  Drilling Claws  
  31  3:26  SCV  
  32  3:30  Orbital Command  
  32  3:38  SCV  
  35  3:41  Widow Mine  
  35  3:47  Medivac  
  37  3:49  Barracks  
  37  3:50  SCV, Marine  
  37  3:52  Marine  
  40  3:56  SCV  
  43  4:02  Widow Mine  
  43  4:04  Barracks  
  43  4:06  SCV  
  44  4:11  Bunker  
  44  4:13  Marine x2  
  46  4:19  Medivac  
  46  4:20  SCV  
  49  4:25  SCV, Supply Depot  
  49  4:28  Widow Mine  
  52  4:32  SCV, Supply Depot  
  53  4:38  Barracks Tech Lab  
  53  4:46  SCV  
  54  4:59  SCV  
  55  5:01  Stimpack, Marauder  
  55  5:02  Marine  
  55  5:03  Barracks Reactor  
  55  5:04  SCV  
  55  5:05  Supply Depot  
  55  5:10  Widow Mine x2  
  55  5:13  SCV  
  58  5:20  Marauder  
  56  5:22  Marine  
  56  5:27  SCV  
  54  5:31  SCV  
  54  5:34  Widow Mine x2  
  57  5:39  SCV  
  57  5:40  Marauder  
  57  5:41  Marine  
  60  5:45  SCV  
  61  5:53  Marine x2  
  61  5:54  Starport Reactor  
  61  5:56  SCV  
  60  5:58  Barracks  
  60  5:59  Marauder  
  60  6:00  Barracks, SCV  
  60  6:01  Refinery  
  60  6:03  Combat Shield, Engineering Bay  
  65  6:11  Widow Mine  
  65  6:12  Marine x2  
  65  6:14  SCV, Marauder  
  70  6:19  SCV  
  70  6:21  Refinery  
  70  6:25  Widow Mine  
  73  6:26  SCV  
  73  6:28  Engineering Bay  
  73  6:31  SCV  
  75  6:39  SCV  
  70  6:40  Marine x2  
  70  6:43  SCV  
  70  6:45  Medivac x2  
  77  6:50  Barracks Tech Lab  
  77  6:51  SCV  
  78  6:54  Barracks Reactor  
  78  6:57  Supply Depot  
  78  7:03  Terran Infantry Weapons Level 1  
  78  7:17  Supply Depot  
  78  7:18  Supply Depot  
  78  7:19  Widow Mine x2, SCV x2  
  78  7:22  Marauder  
  86  7:29  Terran Infantry Armor Level 1  
  86  7:34  Supply Depot  
  86  7:35  Concussive Shells  
  86  7:39  Supply Depot, Marine, SCV x2  
  86  7:41  Marine x2, Widow Mine x2  
  86  7:42  Marauder  
  97  7:45  Marauder  
  97  7:47  Marauder  
  97  7:50  Supply Depot  
  101  7:51  SCV  
  101  7:56  Marine, SCV  
  103  8:03  SCV  
  103  8:04  Marauder  
  106  8:08  Marine  
  106  8:09  Marauder  
  106  8:15  Marine x3  
  106  8:16  Marauder  
  111  8:25  Marauder  
  109  8:29  Widow Mine x2  
  109  8:30  Marauder, Marine  
  109  8:33  Marine  
  115  8:37  Marauder  
  115  8:44  Medivac  
  115  8:47  Supply Depot  
  115  8:48  SCV, Supply Depot  
  118  8:49  Marauder, Medivac  
  118  8:52  Marine, Marauder  
  126  8:55  SCV  
  126  9:00  Widow Mine, Marine x2  
  126  9:02  Widow Mine  
  130  9:10  Terran Infantry Weapons Level 2  
  130  9:20  Command Center  
  130  9:23  Medivac  
  132  9:26  Medivac  
  132  9:28  Marine  
  137  9:31  Marauder  
  128  9:46  Marauder x2, Marine x3  
  128  9:48  SCV  
  138  9:53  Marauder  
  138  9:55  SCV  
  138  9:57  Medivac x2  
  143  10:02  Terran Infantry Armor Level 2  
  141  10:08  SCV  
  141  10:13  Widow Mine x2  
  140  10:23  Marauder x2, Marine x2  
  140  10:27  Medivac  
  145  10:32  SCV  
  145  10:33  Marauder  
  144  10:41  Marine  
  120  10:45  Medivac, Marauder x2  
  120  10:47  SCV  
  125  10:52  Marine  
  125  10:54  Marine, Marauder  
  125  11:01  Medivac  
  127  11:06  Marauder  
  129  11:12  SCV, Ghost Academy  
  125  11:21  Marauder x2  
  125  11:25  Viking, Marine  
  131  11:27  Marauder, Marine  
  131  11:31  Orbital Command  
  135  11:35  Marine x2  
  135  11:37  SCV x2  
  139  11:43  Marauder x2  
  141  11:50  Widow Mine x2  
  141  11:52  Viking  
  144  11:55  Viking  
  144  11:59  Ghost  
  148  12:04  Ghost  
  148  12:06  Ghost  
  152  12:14  Widow Mine x2  
  152  12:15  Marine x2  
  158  12:18  Marine  
  159  12:28  Marauder  
  153  12:32  Marine  
  153  12:33  Marauder  
  153  12:34  Viking x2  
  153  12:36  Marauder  
  150  12:42  Marine  
  150  12:43  Marine x2  
  153  12:50  Marine, Marauder  
  156  12:52  Widow Mine x2  
  156  12:54  Marauder  
  156  12:57  Barracks, Marauder  
  164  12:59  Barracks  
  164  13:00  Marine  
  165  13:06  Supply Depot x2  
  165  13:07  Supply Depot  
  165  13:25  Command Center  
  165  13:27  Marine x2  
  165  13:28  Viking x2  
  166  13:37  Marauder x2, Marine x2  
  166  13:38  Widow Mine x2  
  165  13:45  Marauder  
  154  13:58  Marauder x2  
Show
View Real Time Build Order
Export as new Build Order

DisK Protoss - Winner!

Build Orders: 1 Gate Expand, Blink Stalkers 

Get SALT Encoding   

  12  0:00  Probe  
  13  0:12  Probe  
  14  0:16  Pylon  
  14  0:24  Probe (Chrono Boost)  
  15  0:34  Gateway  
  15  0:36  Probe (Chrono Boost)  
  16  0:45  Probe (Chrono Boost)  
  16  0:46  Assimilator  
  17  0:50  Probe  
  18  1:03  Probe  
  19  1:15  Probe  
  20  1:21  Cybernetics Core  
  20  1:32  Nexus  
  20  1:36  Probe  
  21  1:42  Pylon  
  21  1:48  Probe  
  21  1:51  Assimilator  
  22  1:58  Adept (Chrono Boost)  
  23  2:01  Warp Gate  
  23  2:02  Probe  
  24  2:14  Probe  
  25  2:18  Stalker (Chrono Boost)  
  27  2:26  Probe  
  28  2:34  Shield Battery  
  28  2:38  Probe  
  28  2:39  Twilight Council  
  29  2:45  Probe  
  29  2:50  Probe  
  31  2:51  Shield Battery  
  31  2:57  Stalker  
  33  3:00  Probe  
  33  3:03  Probe  
  35  3:08  Blink (Chrono Boost)  
  35  3:21  Probe x2  
  37  3:28  Gateway  
  37  3:33  Probe  
  38  3:35  Robotics Facility  
  38  3:43  Probe  
  38  3:46  Probe, Pylon  
  38  3:50  Stalker  
  40  3:55  Probe  
  40  3:58  Probe  
  42  4:08  Assimilator x2, Probe  
  43  4:10  Probe, Pylon  
  43  4:16  Stalker  
  46  4:20  Probe  
  46  4:22  Probe  
  46  4:24  Stalker  
  50  4:25  Observer  
  51  4:32  Probe  
  51  4:34  Probe  
  51  4:37  Robotics Bay  
  53  4:42  Pylon  
  53  4:44  Probe  
  54  4:46  Probe  
  54  4:48  Stalker x2  
  59  4:59  Probe  
  58  5:00  Probe  
  59  5:11  Probe  
  59  5:12  Probe  
  61  5:23  Probe  
  61  5:25  Nexus, Probe  
  61  5:27  Pylon  
  61  5:33  Stalker x2  
  61  5:35  Probe  
  63  5:36  Observer (Chrono Boost)  
  63  5:37  Probe  
  63  5:47  Probe  
  63  5:49  Probe  
  59  5:56  Stalker x2  
  63  5:59  Probe  
  63  6:00  Colossus (Chrono Boost)  
  63  6:01  Probe  
  70  6:11  Probe  
  70  6:13  Probe  
  70  6:17  Gateway  
  72  6:18  Gateway  
  72  6:19  Gateway  
  72  6:22  Charge (Chrono Boost)  
  72  6:23  Pylon  
  72  6:30  Extended Thermal Lance  
  72  6:33  Probe x2  
  74  6:48  Pylon  
  74  6:49  Forge  
  74  6:50  Probe x3  
  77  6:54  Shield Battery  
  77  6:56  Pylon  
  77  7:02  Colossus (Chrono Boost)  
  77  7:06  Probe x2  
  85  7:13  Sentry x2, Pylon  
  88  7:16  Protoss Ground Weapons Level 1 (Chrono Boost), Shield Battery  
  88  7:17  Pylon  
  88  7:20  Probe x3  
  91  7:25  Photon Cannon  
  91  7:29  Sentry, Zealot  
  95  7:35  Pylon  
  95  7:41  Colossus (Chrono Boost)  
  101  7:45  Zealot x3  
  101  7:48  Assimilator  
  101  7:49  Assimilator  
  99  8:13  Stalker  
  99  8:14  Stalker x3  
  99  8:15  Stalker  
  109  8:23  Colossus  
  111  8:29  Photon Cannon  
  111  8:33  Probe  
  111  8:34  Probe  
  111  8:37  Stalker  
  111  8:38  Stalker  
  115  8:42  Photon Cannon, Shield Battery  
  115  8:49  Probe x3  
  115  8:52  Zealot x3  
  124  8:55  Pylon  
  124  8:58  Protoss Ground Armor Level 1 (Chrono Boost)  
  124  9:01  Probe x2  
  124  9:02  Pylon, Probe  
  125  9:12  Zealot x3  
  131  9:25  Zealot x2  
  131  9:29  Gateway x2, Pylon  
  135  9:32  Templar Archives  
  134  9:44  Observer  
  131  9:53  Stalker x3  
  131  9:54  Stalker x2  
  141  10:05  Gateway  
  141  10:16  Observer, Forge  
  141  10:17  Gateway  
  141  10:18  Gateway  
  142  10:28  Probe x3  
  142  10:33  High Templar x3  
  142  10:34  High Templar x3  
  152  10:35  Zealot  
  152  10:38  Archon x2  
  152  10:39  Archon  
  148  10:46  Protoss Ground Weapons Level 2 (Chrono Boost), Protoss Ground Armor Level 2 (Chrono Boost)  
  147  10:55  Nexus  
  147  10:58  Pylon  
  147  11:00  Photon Cannon  
  147  11:01  Photon Cannon, Shield Battery, Pylon x2  
  147  11:05  Pylon x2  
  147  11:22  Zealot x2  
  147  11:23  Zealot x8  
  165  11:31  Pylon  
  165  11:46  Pylon  
  165  11:50  Shield Battery, Stalker x6  
  175  11:59  Observer, Robotics Facility  
  176  12:08  Pylon  
  176  12:18  Zealot x5  
  176  12:22  Zealot x4  
  184  12:40  Probe  
  184  12:41  Probe x2  
  184  12:43  Assimilator  
  187  12:45  Warp Prism, Assimilator  
  187  12:46  Disruptor  
  191  12:52  Zealot x4  
  199  13:04  Dark Shrine  
  197  13:27  Pylon  
  177  13:51  Zealot x5  
  177  13:52  Zealot x5  
  187  14:04  Gateway  
  187  14:05  Gateway  
  187  14:07  Pylon  
  169  14:12  Zealot x10  
Tags
 
Add a new tag
Caveats
  • Supply blocks, unpowered buildings, or Contaminate may cause inaccurate times.
  • Supply counts are checked every 10 seconds.